[Event "Late-Titled-Tuesday-Blitz-February-06-2024"]
[Site "Chess.com"]
[Date "2024.02.06"]
[Round "5"]
[White "ccccvhhhj"]
[Black "OglazaOskar2005"]
[Result "1-0"]
[WhiteElo "2466"]
[BlackElo "2607"]
[TimeControl "180+1"]
[EndTime "14:55:13 PST"]
[Termination "ccccvhhhj won by checkmate"]

1. d4 Nf6 2. Bg5 d5 3. Nc3 c5 4. e3 Nc6 5. Qd2 e6 6. O-O-O Be7 7. h4 O-O 8. h5 h6 9. Bf4 a6 10. f3 b5 11. g4 b4 12. Nce2 Qa5 13. Kb1 Nd7 14.
dxc5 Nxc5 15. Nh3 Na4 16. Nc1 Nc3+ 17. Ka1 Nxd1 18. Qxd1 f6 19. Bd3 e5 20. Bg3 Be6 21. Bf5 Bxf5 22. gxf5 d4 23. e4 b3 24. Nxb3 Qa4 25.
Kb1 Nb4 26. a3 Nc6 27. Rg1 Bd6 28. Nf2 Rf7 29. Nd3 Rb8 30. Qd2 Kf8 31. f4 Rfb7 32. fxe5 Nxe5 33. Bxe5 fxe5 34. f6 Qc6 35. fxg7+ Rxg7 36.
Qxh6 Rb7 37. Rf1+ Kg8 38. Qe6+ Kh8 39. h6 Rge7 40. Rf8+ Kh7 41. Qf5+ Kxh6 42. Rf6+ Kg7 43. Qg6+ Kh8 44. Rf8# 1-0

[Event "Late-Titled-Tuesday-Blitz-February-06-2024"]
[Site "Chess.com"]
[Date "2024.02.06"]
[Round "5"]
[White "Lennis93"]
[Black "Marcan2b"]
[Result "0-1"]
[WhiteElo "2680"]
[BlackElo "2997"]
[TimeControl "180+1"]
[EndTime "14:55:14 PST"]
[Termination "Marcan2b won by resignation"]

1. d4 Nf6 2. c4 e6 3. Nf3 d5 4. Nc3 a6 5. c5 Nc6 6. Bf4 Nh5 7. e3 Nxf4 8. exf4 g6 9. Rc1 Bg7 10. g3 O-O 11. Bg2 b6 12. cxb6 cxb6 13. O-O Bb7 14.
Ne5 Rc8 15. Re1 b5 16. a4 b4 17. Ne2 a5 18. Rc2 Nxe5 19. fxe5 Qd7 20. Nc1 Rxc2 21. Qxc2 Rc8 22. Qd1 Ba6 23. Bf1 Bxf1 24. Kxf1 Rc4 25. b3 Rc8 26. Ne2 Bh6 27. h4 Rc7 28. g4 Bf8 29. Qd2 Be7 30. g5 h6 31. Rc1 hxg5 32. hxg5 Kg7 33. f4 Rc8 34. Rxc8 Qxc8 35. Qc1 Qh8 36. Qc7 Bf8 37. Qxa5 Qh3+ 38. Kf2 Qxb3 39.
Qb5 Qa2 40. a5 b3 41. a6 b2 42. a7 Qxa7 43. Qxb2 Qa4 44. Qd2 Bb4 45. Qb2 Bf8 46. Ke3 Qc4 47. Kf2 Qd3 48. Qc3 Qf5 49. Ke3 Qh3+ 50. Kf2 Qh2+ 51. Ke3 Ba3 52. Kf3 Qh1+ 53.
Kf2 Be7 54. Ke3 Bd8 55. Kf2 Bb6 56. Ke3 Qe4+ 57. Kd2 Qb1 58. Qc2 Qa1 59. Qc3 Ba5 0-1

[Event "Late-Titled-Tuesday-Blitz-February-06-2024"]
[Site "Chess.com"]
[Date "2024.02.06"]
[Round "5"]
[White "BebeBonito2022"]
[Black "ChessSwole"]
[Result "0-1"]
[WhiteElo "2326"]
[BlackElo "2661"]
[TimeControl "180+1"]
[EndTime "14:55:14 PST"]
[Termination "ChessSwole won by resignation"]

1. d4 Nf6 2. c4 g6 3. Nc3 Bg7 4. e4 d6 5. Nf3 O-O 6. h3 e5 7.
d5 a5 8. Bg5 Na6 9. Be2 Qe8 10.
g4 Nd7 11. Nd2 Ndc5 12. Be3 f5 13. exf5 gxf5 14. Rg1 Kh8 15. Nb3 Nxb3 16. Qxb3 f4 17. Bd2 Nc5 18. Qc2 e4 19. O-O-O a4 20. Nb5 Rf7 21.
Bc3 Bd7 22. Bxg7+ Rxg7 23. Nd4 Qe5 24. f3 a3 25. b3 c6 26. Kb1 cxd5 27. cxd5 Be8 28.
Nf5 Bg6 29. fxe4 Nxe4 30. Bd3 Nc3+ 31. Kc1 Rc7 32. Bc4 b5 33. Rge1 Qf6 34. Re6 Bxf5 35.
Qxf5 Qxf5 36. gxf5 Nxd1 37. Kxd1 bxc4 38. bxc4 Rxc4 39. f6 Rf8 0-1

[Event "Late-Titled-Tuesday-Blitz-February-06-2024"]
[Site "Chess.com"]
[Date "2024.02.06"]
[Round "5"]
[White "BelaKis"]
[Black "WilsonPalencia21"]
[Result "0-1"]
[WhiteElo "2227"]
[BlackElo "2593"]
[TimeControl "180+1"]
[EndTime "14:55:18 PST"]
[Termination "WilsonPalencia21 won by checkmate"]

1. d4 Nf6 2. c4 c5 3. d5 e6 4.
Nc3 exd5 5. cxd5 d6 6. e4 g6 7. h3 Bg7 8. Bg5 a6 9. a4 h6 10. Be3 O-O 11. Nf3 Nh5 12. Qd2 Kh7 13. Bd3 Nd7 14.
g4 Nhf6 15. Bf4 Ne8 16. O-O Qe7 17. Rfe1 Ne5 18. Be2 Rh8 19. Kg2 Kg8 20. Nxe5 dxe5 21. Be3 f5 22. f3 h5 23. Rh1 Bf8 24. a5 Bd7 25. Na4 Bxa4 26. Rxa4 hxg4 27. fxg4 Qd7 28. Qc2 Nd6 29. exf5 gxf5 30. Bxc5 Rc8 31. b4 Ne4 32. Raa1 Nxc5 33. bxc5 Qxd5+ 34. Kh2 Rxc5 35. Qxf5 Qd4 36. Rad1 Qf4+ 37. Qxf4 exf4 38. Rd7 Rh7 39. Rxh7 Kxh7 40. Bd3+ Kg7 41. Re1 Rxa5 42. Bf5 Rc5 43. Re6 b5 44. Rg6+ Kf7 45. Rxa6 b4 46. Rb6 Rc3 47. Kg2 Bc5 48.
Rb7+ Kf6 49. h4 f3+ 50. Kf1 Rc1# 0-1

[Event "Late-Titled-Tuesday-Blitz-February-06-2024"]
[Site "Chess.com"]
[Date "2024.02.06"]
[Round "5"]
[White "h4parah5"]
[Black "GMG"]
[Result "1-0"]
[WhiteElo "2965"]
[BlackElo "2677"]
[TimeControl "180+1"]
[EndTime "14:55:19 PST"]
[Termination "h4parah5 won on time"]

1. Nf3 f5 2. d4 Nf6 3. c4 e6 4.
g3 d5 5. Bg2 Bd6 6. O-O O-O 7.
Qc2 c6 8. b3 Qe7 9. a4 a5 10.
Ba3 Na6 11. Bxd6 Qxd6 12. e3 Nb4 13. Qb2 b6 14. Nbd2 Ba6 15. Ne5 Rac8 16. Rfd1 Rfd8 17. Rac1 Ne4 18. Nxe4 fxe4 19. c5 Qb8 20. Bh3 Re8 21. cxb6 Qxb6 22. Rc5 Bb7 23. Rdc1 Na6 24.
R5c3 Rc7 25. Qd2 Qb4 26. Qe1 c5 27. Bf1 Rec8 28. Bxa6 Bxa6 29. Qd1 c4 30. bxc4 Bxc4 31. Qg4 Qb6 32. h4 h6 33. Qg6 Qd6 34. g4 Qe7 35. g5 hxg5 36. hxg5 Rf8 37. Nxc4 Rfc8 38. Kf1 Rxc4 39.
Rxc4 Rxc4 40. Rxc4 dxc4 41. Qxe4 Kf7 42. Qf3+ Kg6 43.
Qc6 Qb4 44. Qxe6+ Kxg5 45. Kg2 g6 46. d5 c3 47. d6 1-0

[Event "Late-Titled-Tuesday-Blitz-February-06-2024"]
[Site "Chess.com"]
[Date "2024.02.06"]
[Round "5"]
[White "temus_galaktionov"]
[Black "koziororo"]
[Result "1-0"]
[WhiteElo "2873"]
[BlackElo "2618"]
[TimeControl "180+1"]
[EndTime "14:55:19 PST"]
[Termination "temus_galaktionov won by resignation"]

1. d4 Nf6 2. Nf3 e6 3. c4 c5 4. d5 b5 5. Bg5 exd5 6. cxd5 h6 7. Bxf6 Qxf6 8. Qc2 c4 9. a4 Bb4+ 10. Nbd2 Bb7 11.
axb5 Bxd5 12. e4 Be6 13. Bxc4 O-O 14. O-O Rc8 15. Qb3 Bc5 16. e5 Qe7 17. Rfc1 Re8 18. Ne4 d5 19. Bxd5 Bb6 20. Nd6 Rd8 21. Nc8 Bxc8 22.
Bxa8 Bg4 23. Rd1 Nd7 24. Bc6 Nc5 25. Rxd8+ Qxd8 26. Qd5 Qe7 27. Qd6 Qf8 28. Qxf8+ Kxf8 29. h3 Bxf3 30. Bxf3 Nd3 31. Kf1 Nxe5 32. Be2 Nd7 33. Rd1 Ke7 34. g3 Nc5 35. Rd5 Ne6 36. Bg4 Nd4 37. h4 Kf6 38. h5 Ke7 39. Ke1 Kf6 40. Kd2 Ne6 41. Bxe6 fxe6 42. Rd3 Kg5 43. Rd7 Kf6 44. f4 Bf2 45. g4 Bb6 46. Kd3 Bf2 47. Ke4 Bb6 48. Rd6 Bc5 49. Rc6 Bg1 50. f5 1-0

[Event "Late-Titled-Tuesday-Blitz-February-06-2024"]
[Site "Chess.com"]
[Date "2024.02.06"]
[Round "5"]
[White "Sanyura"]
[Black "ChristopherYoo"]
[Result "0-1"]
[WhiteElo "2692"]
[BlackElo "3007"]
[TimeControl "180+1"]
[EndTime "14:55:20 PST"]
[Termination "ChristopherYoo won on time"]

1. e4 c5 2. Nf3 d6 3. d4 cxd4 4. Nxd4 Nf6 5. f3 e5 6. Nb3 d5 7. Bg5 d4 8. c3 Nc6 9. Be2 h6 10.
Bh4 Be6 11. O-O Be7 12. Bf2 O-O 13. cxd4 Bxb3 14. Qxb3 Nxd4 15. Qd3 Qb6 16. Bxd4 exd4 17. Nd2 Qxb2 18. Rab1 Qxa2 19. Rxb7 Bc5 20. Rc1 Bb6 21. Nc4 Rac8 22. Kf2 Qa6 23. Re7 Bc5 24. Re5 Rfd8 25.
Nd2 Qd6 26. Rf5 Qe7 27. g3 Bb6 28. Rxc8 Rxc8 29. Kg2 Rc3 30. Qb5 g6 31. Re5 Qc7 32. f4 Rc2 33. Qd3 Rc3 34. Qb5 Re3 35. Kf1 Qc2 0-1

[Event "Late-Titled-Tuesday-Blitz-February-06-2024"]
[Site "Chess.com"]
[Date "2024.02.06"]
[Round "5"]
[White "alexrustemov"]
[Black "Cambek64"]
[Result "1-0"]
[WhiteElo "2778"]
[BlackElo "2493"]
[TimeControl "180+1"]
[EndTime "14:55:20 PST"]
[Termination "alexrustemov won on time"]

1. d4 g6 2. c4 Bg7 3. g3 Nf6 4. Bg2 d5 5. cxd5 Nxd5 6. Nf3 O-O 7. O-O c6 8. e4 Nb6 9. h3 N8d7 10. Bf4 Qe8 11. e5 Nd5 12. Bd2 N7b6 13. Re1 h6 14. Qc1 Kh7 15. Nc3 Be6 16. Ne4 Qc8 17. Kh2 Rd8 18. Qc2 a5 19. a3 a4 20.
Rac1 Nc7 21. Nc5 Bd5 22. h4 Qb8 23. h5 Ne6 24. Nh4 Nf8 25. hxg6+ fxg6 26. Be3 Bxg2 27.
Kxg2 Qc8 28. Rh1 Nd5 29. Bd2 b6 30. Ne4 Qg4 31. f3 Qd7 32. Qxc6 Qa7 33. Qc2 Rac8 34.
Qd3 Qd7 35. f4 Qe6 36. Nf3 Kg8 37. Qb5 Rxc1 38. Rxc1 Qf5 39. Nf2 Ne6 40. Qxa4 g5 41. Qc2 Qf7 42. f5 1-0

[Event "Late-Titled-Tuesday-Blitz-February-06-2024"]
[Site "Chess.com"]
[Date "2024.02.06"]
[Round "5"]
[White "EsmeraldasAnderson03"]
[Black "mjelcic"]
[Result "1/2-1/2"]
[WhiteElo "2399"]
[BlackElo "2215"]
[TimeControl "180+1"]
[EndTime "14:55:20 PST"]
[Termination "Game drawn by repetition"]

1. d4 d5 2. c4 c6 3. cxd5 cxd5 4. Nc3 Nc6 5. Bf4 a6 6. e3 Nf6 7. Nf3 Bf5 8. Bd3 Bxd3 9. Qxd3 e6 10. O-O Be7 11.
Rac1 O-O 12. h3 Rc8 13. a3 Na5 14. Ne5 Nc4 15. Nxc4 Rxc4 16. b3 Rc6 17. b4 Qd7 18. Rc2 Rfc8 19. Rfc1 Rc4 20. Nb1 Qb5 21. Rxc4 Rxc4 22.
Rxc4 dxc4 23. Qc2 Qc6 24. Nc3 b5 25. e4 h6 26. f3 Bd8 27. Kh1 Bb6 28. Qd2 Qd7 29.
d5 exd5 30. exd5 Bc7 31. Bxc7 Qxc7 32. d6 Qd7 33. Qd4 Ne8 34. Ne4 f5 35. Qd5+ Kh7 36.
Nc5 Qxd6 37. Qxf5+ Qg6 38. Qc8 Nd6 39. Qd8 c3 40.
Nd7 Qe8 41. Nf8+ Kg8 42. Qxd6 Qxf8 43. Qd5+ Qf7 44. Qc6 Qc4 45. Qe8+ Kh7 46. Qe1 c2 47. Qc1 Qd3 48. Kh2 Qd6+ 49. f4 Qd3 50. Qe1 h5 51. h4 Kg6 52. Qe6+ Kh7 53. f5 c1=Q 54.
Qg6+ Kg8 55. Qe8+ Kh7 56. Qg6+ Kh8 57. Qe8+ Kh7 58. Qg6+ 1/2-1/2

[Event "Late-Titled-Tuesday-Blitz-February-06-2024"]
[Site "Chess.com"]
[Date "2024.02.06"]
[Round "5"]
[White "Petukhov_Dmitry"]
[Black "IranianCheetah"]
[Result "1-0"]
[WhiteElo "2551"]
[BlackElo "2351"]
[TimeControl "180+1"]
[EndTime "14:55:21 PST"]
[Termination "Petukhov_Dmitry won on time"]

1. e4 e5 2. Nf3 Nc6 3. Bb5 a6 4. Ba4 Nf6 5. O-O Be7 6. Re1 b5 7. Bb3 Bb7 8. c3 d5 9. exd5 Nxd5 10. d4 exd4 11. cxd4 O-O 12. Nc3 Nxc3 13. bxc3 Bd6 14. Ng5 h6 15. Nxf7 Rxf7 16. Qh5 Qf6 17. Bxh6 gxh6 18. Re4 Rf8 19. f3 Na5 20. Rg4+ Kh8 21.
Rg6 Qxg6 22. Qxg6 Nxb3 23. axb3 Rf6 24. Qh5 Bxf3 25. gxf3 Rxf3 26. Qxh6+ Kg8 27. Ra2 Rf1+ 28. Kg2 R8f6 29. Qg5+ Kf7 30. Qd5+ Ke7 31. Re2+ Kd7 32. Qa8 Rf8 33. Qxa6 R1f5 34. Re4 Rg8+ 35. Kh3 Rf3+ 36. Kh4 Bxh2 37. Qxb5+ Kd8 38. Qb8+ Kd7 39. Qxg8 1-0

[Event "Late-Titled-Tuesday-Blitz-February-06-2024"]
[Site "Chess.com"]
[Date "2024.02.06"]
[Round "5"]
[White "jefferyx"]
[Black "Hikaru"]
[Result "0-1"]
[WhiteElo "2989"]
[BlackElo "3330"]
[TimeControl "180+1"]
[EndTime "14:55:22 PST"]
[Termination "Hikaru won by resignation"]

1. d4 Nf6 2. c4 b6 3. f3 Nc6 4.
d5 Ne5 5. e4 e6 6. Nc3 Bb4 7.
Bd2 O-O 8. a3 Bc5 9. Nh3 exd5 10.
cxd5 d6 11. Nf2 Nh5 12. Be2 f5 13. exf5 Bxf5 14. O-O Qh4 15. Qc1 Nd3 16. Bxd3 Bxd3 17. b4 Bxf1 18. bxc5 Ba6 19. cxd6 cxd6 20. Nce4 Nf4 21.
Bxf4 Qxf4 22. Qxf4 Rxf4 23. Rc1 Bb7 24. Nd3 Rf5 25.
Nb4 Bxd5 26. Ng3 Rg5 27. f4 Rxg3 28. hxg3 Be4 29. Rc7 a5 30. Nc6 b5 31. Nd4 b4 32.
axb4 axb4 33. f5 Rb8 34. Re7 Bd3 35. Nc6 Rb6 36. Nd8 h5 37. Re8+ Kh7 38. Rf8 b3 39. Ne6 Bxf5 40. Rxf5 b2 0-1

[Event "Late-Titled-Tuesday-Blitz-February-06-2024"]
[Site "Chess.com"]
[Date "2024.02.06"]
[Round "5"]
[White "familijatop71"]
[Black "GlavkonVVS"]
[Result "0-1"]
[WhiteElo "2310"]
[BlackElo "2619"]
[TimeControl "180+1"]
[EndTime "14:55:22 PST"]
[Termination "GlavkonVVS won on time"]

1. e4 Nf6 2. e5 Nd5 3. d4 d6 4.
Bc4 Nb6 5. Bb3 a5 6. a4 dxe5 7. Qh5 e6 8. dxe5 Nc6 9. Nc3 g6 10. Qe2 Nd4 11. Qe4 Nxb3 12. cxb3 Bb4 13. Nf3 Qd5 14.
Qxd5 exd5 15. Bd2 c6 16. Ne2 Bg4 17. Nfd4 Nd7 18. f4 Nc5 19. Bxb4 axb4 20. Kd2 Ne4+ 21. Ke3 Ke7 22. h3 Bd7 23. g4 c5 24. Nf3 Bc6 25.
Rhf1 d4+ 26. Kd3 Ke6 27. f5+ gxf5 28. Nf4+ Ke7 29. gxf5 Rhg8 30. f6+ Kd7 31. e6+ Kc7 32. exf7 Rg3 33. Ne6+ Kd6 34. f8=Q+ Rxf8 35. Nxf8 Nxf6 36. Ke2 Ke7 37. Nd2 Rg2+ 38. Ke1 d3 39. Nc4 Re2+ 40. Kd1 Bd5 41. Nb6 Bxb3+ 42. Kc1 d2+ 43. Kb1 Re1+ 0-1

[Event "Late-Titled-Tuesday-Blitz-February-06-2024"]
[Site "Chess.com"]
[Date "2024.02.06"]
[Round "5"]
[White "Elsa167"]
[Black "varunkrishnanchess"]
[Result "1-0"]
[WhiteElo "2889"]
[BlackElo "2640"]
[TimeControl "180+1"]
[EndTime "14:55:24 PST"]
[Termination "Elsa167 won on time"]

1. d4 Nf6 2. c4 e6 3. Nf3 d5 4. Nc3 Be7 5. g3 O-O 6. Bg2 dxc4 7. Ne5 Nc6 8. Bxc6 bxc6 9. Nxc6 Qe8 10. Nxe7+ Qxe7 11. Qa4 c5 12. dxc5 Qxc5 13. Be3 Qh5 14. f3 Nd5 15. Bd2 Nb6 16. Qb5 Qg6 17. O-O Bd7 18. Qe5 Bc6 19. Be3 Nd5 20. Bc5 Rfd8 21. Rad1 Nxc3 22.
Qxc3 Bb5 23. Rxd8+ Rxd8 24. Qa5 Rc8 25. Qxb5 Qg5 26. Qxc4 Rxc5 27. Qd3 h6 28. Rd1 Rd5 29. Qc2 Qe3+ 30. Kf1 Rxd1+ 31. Qxd1 g6 32. a3 h5 33. h4 Qb6 34. b4 Qc7 35. Kf2 Qb6+ 36. Kg2 Qc7 37.
Qd3 Qb6 38. Qb3 Qb5 39. Qd3 Qb6 40. Qc4 Qd6 41. a4 Qb6 42. a5 Qb7 43. b5 Kg7 44. Qd4+ 1-0

[Event "Late-Titled-Tuesday-Blitz-February-06-2024"]
[Site "Chess.com"]
[Date "2024.02.06"]
[Round "5"]
[White "Road2GM3000"]
[Black "yaguigor"]
[Result "0-1"]
[WhiteElo "2486"]
[BlackElo "2714"]
[TimeControl "180+1"]
[EndTime "14:55:24 PST"]
[Termination "yaguigor won by resignation"]

1. d4 d5 2. c4 e6 3. Nc3 c6 4. cxd5 exd5 5. Nf3 Bf5 6. Bg5 Qb6 7. Qd2 Nd7 8. e3 Ngf6 9. Be2 Bb4 10. O-O Ne4 11.
Qc1 Nxg5 12. Nxg5 h6 13. Nf3 Bd6 14. a3 a5 15. Qd2 O-O 16. Bd3 Bxd3 17. Qxd3 Rfe8 18.
Na4 Qd8 19. Rac1 Qe7 20. Qf5 g6 21. Qh3 Kg7 22. Nd2 b5 23. Nc3 Nb6 24. Rc2 Nc4 25. Re1 f5 26. Qf3 Rab8 27. h3 Qf6 28. Rec1 f4 29. Nxc4 bxc4 30. e4 Qxd4 31. exd5 cxd5 32. Qxd5 Bc5 33. Qc6 Rbc8 34. Qf3 Qd3 35. Nb5 Qxf3 36. gxf3 Bb6 37. Nd6 Rcd8 38. Nxe8+ Rxe8 39. Rxc4 Re2 40. R4c2 Re5 41. Rc6 Bd4 42. Ra6 Bxb2 43. Rc7+ Kf8 44. Ra8+ Re8 45. Rxe8+ Kxe8 46. Rg7 Bxg7 0-1

[Event "Late-Titled-Tuesday-Blitz-February-06-2024"]
[Site "Chess.com"]
[Date "2024.02.06"]
[Round "5"]
[White "N_I_Chess"]
[Black "PNEPaul"]
[Result "1-0"]
[WhiteElo "2338"]
[BlackElo "1871"]
[TimeControl "180+1"]
[EndTime "14:55:24 PST"]
[Termination "N_I_Chess won on time"]

1. d4 Nf6 2. c4 c5 3. d5 Ne4 4. e3 Qa5+ 5. Nd2 d6 6. Bd3 Nf6 7. Ne2 g6 8. O-O Bg7 9. e4 O-O 10. h3 e5 11. Nc3 h6 12. Re1 Na6 13. Nf1 Qd8 14. Ng3 b6 15. a3 Bd7 16. Be3 Nc7 17. Qd2 Kh7 18. f4 exf4 19. Bxf4 Nce8 20. Rf1 a6 21.
Kh1 Rb8 22. e5 dxe5 23. Bxe5 Rc8 24. a4 Ng8 25. Rae1 Bxe5 26. Rxe5 Qh4 27. Qf4 Qxf4 28. Rxf4 Nd6 29. Nh5 f5 30. Ng3 Nf6 31. Rf1 b5 32. axb5 axb5 33. b3 b4 34. Nce2 Rfe8 35. Rxe8 Rxe8 36.
Nf4 Re3 37. Rf3 Rxf3 38. gxf3 Kg7 39. Bc2 Kf7 40. Nd3 g5 41. Nxc5 1-0

[Event "Late-Titled-Tuesday-Blitz-February-06-2024"]
[Site "Chess.com"]
[Date "2024.02.06"]
[Round "5"]
[White "Yushko_Olga"]
[Black "cristianserban1"]
[Result "0-1"]
[WhiteElo "2222"]
[BlackElo "2528"]
[TimeControl "180+1"]
[EndTime "14:55:26 PST"]
[Termination "cristianserban1 won on time"]

1. d4 g6 2. c4 Bg7 3. Nf3 d6 4. Bg5 h6 5. Bh4 g5 6. Bg3 Nf6 7. Nc3 Nh5 8. e3 e6 9. Be2 Nd7 10. Qc2 Qe7 11. b4 b6 12. c5 Nxg3 13. cxd6 Qxd6 14. hxg3 Qxb4 15. a3 Qa5 16. O-O O-O 17. Nb5 c5 18. Nd2 cxd4 19. Nb3 Qa4 20. exd4 Bb7 21.
Nc7 Rac8 22. Rfc1 Bd5 23. Bb5 Qxb3 24. Bxd7 Qxc2 25. Rxc2 Rcd8 26. Bb5 Bxd4 27. Rd1 Bc5 28. Nxd5 Rxd5 29. Rxd5 exd5 30. a4 Rd8 31. Kf1 Kg7 32. Ke2 Kf6 33. Kd3 Ke5 34. Re2+ Kd6 35. f3 Rh8 0-1

[Event "Late-Titled-Tuesday-Blitz-February-06-2024"]
[Site "Chess.com"]
[Date "2024.02.06"]
[Round "5"]
[White "edgarhay012"]
[Black "KaydenTroffChess"]
[Result "0-1"]
[WhiteElo "2592"]
[BlackElo "2849"]
[TimeControl "180+1"]
[EndTime "14:55:27 PST"]
[Termination "KaydenTroffChess won by resignation"]

1. e4 c5 2. Nc3 g6 3. d4 cxd4 4. Qxd4 Nf6 5. Nf3 Nc6 6. Qa4 d6 7. e5 dxe5 8. Nxe5 Bd7 9. Nxd7 Nxd7 10. Bb5 Bg7 11. O-O O-O 12. Be3 Nb6 13. Qb3 Nd4 14.
Bxd4 Qxd4 15. Rad1 Qc5 16. Ne4 Qe5 17. Rfe1 Qxb2 18.
Qxb2 Bxb2 19. Nc5 Rac8 20. Nxb7 Rc7 21. Ba6 Rb8 22. Rb1 Na4 23. Re3 Bd4 24. Rd3 Bb6 25.
c4 Rcxb7 26. Bxb7 Rxb7 27. g3 Rc7 28. Rdb3 Rxc4 29. Rd1 Nc3 30. Rd7 e6 31. a4 Nxa4 32. Rf3 Rc7 33. Rfxf7 Rxd7 34. Rxd7 Nc5 35. Re7 a5 36. Re8+ Kf7 37. Rb8 Bc7 38. Ra8 Ke7 39.
h4 Kd6 40. Rh8 h5 41. Rg8 a4 42. Ra8 Kc6 43. f3 Kb7 0-1

[Event "Late-Titled-Tuesday-Blitz-February-06-2024"]
[Site "Chess.com"]
[Date "2024.02.06"]
[Round "5"]
[White "ATM622"]
[Black "goldihouse"]
[Result "1-0"]
[WhiteElo "2458"]
[BlackElo "2599"]
[TimeControl "180+1"]
[EndTime "14:55:27 PST"]
[Termination "ATM622 won on time"]

1. d4 Nf6 2. c4 e6 3. g3 c5 4. d5 exd5 5. cxd5 g6 6. Nc3 Bg7 7. Bg2 O-O 8. Nf3 d6 9. O-O Re8 10. Nd2 Nbd7 11. Nc4 Nb6 12. Nxb6 Qxb6 13. a4 Bd7 14. a5 Qc7 15. h3 b5 16. axb6 axb6 17.
Rxa8 Rxa8 18. Qb3 b5 19. Bf4 b4 20. Nb1 Nh5 21. Be3 Bb5 22. Rc1 Qd7 23. g4 Nf6 24. Bf3 h5 25. g5 Nh7 26. Kg2 Qf5 27. h4 f6 28. gxf6 Nxf6 29. Bg5 Re8 30. Qc2 Qe5 31. Qxg6 Rf8 32. Nd2 Bxe2 33. Re1 Bxf3+ 34. Nxf3 Qxd5 35. Re7 Qxf3+ 36. Kxf3 Ng4+ 37. Ke2 1-0

[Event "Late-Titled-Tuesday-Blitz-February-06-2024"]
[Site "Chess.com"]
[Date "2024.02.06"]
[Round "5"]
[White "Kostukov_Alex"]
[Black "rcmz"]
[Result "1-0"]
[WhiteElo "2279"]
[BlackElo "2130"]
[TimeControl "180+1"]
[EndTime "14:55:28 PST"]
[Termination "Kostukov_Alex won by resignation"]

1. g3 f5 2. c4 Nf6 3. d4 g6 4. Bg2 Bg7 5. Nf3 d6 6. O-O c6 7. Nc3 O-O 8. b3 Na6 9. Bb2 Qe8 10. d5 c5 11. Ng5 Nc7 12. a4 h6 13. Nh3 g5 14. f4 Ng4 15. fxg5 Ne3 16. Qc1 Nxf1 17. gxh6 Bd4+ 18. Kh1 Nxg3+ 19. hxg3 Qh5 20. Qg5+ Qxg5 21. Nxg5 Rf6 22. h7+ Kh8 23. Bf3 Rh6+ 24. Kg2 Kg7 25. e3 Bf6 26. Nh3 Rxh7 27. Nf4 Be5 28. Rb1 Na6 29.
e4 Nb4 30. Nb5 Bxb2 31. Rxb2 Bd7 32. Nc7 Rah8 33. Nce6+ Bxe6 34. Nxe6+ Kf6 35. Kg1 fxe4 36. Bxe4 Rh3 37. Rf2+ Ke5 38. Bg2 R3h5 39. Re2+ Kf6 40. Be4 Re5 41. Rf2+ 1-0

[Event "Late-Titled-Tuesday-Blitz-February-06-2024"]
[Site "Chess.com"]
[Date "2024.02.06"]
[Round "5"]
[White "Chessdreamer2020"]
[Black "Jarrahi2452"]
[Result "0-1"]
[WhiteElo "2560"]
[BlackElo "2802"]
[TimeControl "180+1"]
[EndTime "14:55:29 PST"]
[Termination "Jarrahi2452 won by resignation"]

1. e4 c5 2. Nf3 d6 3. d4 cxd4 4. Qxd4 a6 5. h3 Nc6 6. Qe3 g6 7. Be2 Bg7 8. O-O Nf6 9. Rd1 Nd7 10. Nc3 O-O 11. Nd5 b5 12. c3 Bb7 13. a4 bxa4 14. Rxa4 Nc5 15. Ra2 e6 16. Nb4 Nxb4 17.
cxb4 Nxe4 18. b5 axb5 19. Rxa8 Qxa8 20. Bxb5 Rd8 21. Qb6 Nf6 22. Rxd6 Rc8 23. Bg5 Bxf3 24. gxf3 h6 25. Be3 Qxf3 26. Rd8+ Rxd8 27. Qxd8+ Kh7 28.
Bf1 Nd5 29. Qh4 Nxe3 30. fxe3 Qxe3+ 31. Qf2 Qxf2+ 32. Kxf2 Bxb2 33. Bd3 f5 34. Kf3 e5 35. Bc4 e4+ 36. Kf4 Kg7 37. Bb5 Kf6 38. h4 g5+ 39.
hxg5+ hxg5+ 40. Kg3 Be5+ 41. Kf2 f4 42. Bc6 Bd4+ 43.
Kf1 Ke5 44. Kg2 f3+ 45. Kg3 Be3 46. Kg4 Bf4 47. Bb7 f2 48. Ba6 Kd4 49. Kh3 Ke3 50. Kg2 g4 51. Bc8 g3 52. Bg4 Kd2 53. Kf1 e3 54.
Bh5 Bd6 55. Bf3 Bc5 56. Bg4 e2+ 57. Bxe2 g2+ 58. Kxg2 Kxe2 0-1

[Event "Late-Titled-Tuesday-Blitz-February-06-2024"]
[Site "Chess.com"]
[Date "2024.02.06"]
[Round "5"]
[White "MikaelyanArman"]
[Black "FairChess_on_YouTube"]
[Result "0-1"]
[WhiteElo "2858"]
[BlackElo "3052"]
[TimeControl "180+1"]
[EndTime "14:55:31 PST"]
[Termination "FairChess_on_YouTube won by resignation"]

1. d4 Nf6 2. c4 g6 3. Nc3 Bg7 4. e4 O-O 5. f4 d6 6. Nf3 Bg4 7. Be2 c5 8. d5 Nbd7 9. O-O Ne8 10. Ng5 Bxe2 11. Qxe2 Nc7 12. e5 dxe5 13. f5 Ne8 14. Nce4 Ndf6 15. Be3 Nd6 16. Nxd6 Qxd6 17. fxg6 hxg6 18.
Rae1 b5 19. b3 bxc4 20. bxc4 Rab8 21. Qf3 Rb2 22. Qh3 Qd7 23. Bxc5 Qxh3 24. Nxh3 Re8 25. Rf2 Rb7 26. Ba3 Rc8 27. d6 exd6 28. Bxd6 Rxc4 29. Ng5 Ng4 30. Rfe2 Rd7 31. Bb8 f6 32. h3 Nh6 33.
Ne6 Kf7 34. Nxg7 Kxg7 35. Rb2 Nf5 36. Reb1 Kh6 37. Kh2 a5 38. Rf2 Kg5 39. Rb6 Rb4 40. Rxb4 axb4 41. Rc2 Ne3 42. Rc6 Rd2 43. Kg3 Nxg2 44.
h4+ Nxh4 45. Rc4 Nf5+ 46. Kf3 Rxa2 47. Rxb4 Nd4+ 48. Ke3 Nc6 0-1

[Event "Late-Titled-Tuesday-Blitz-February-06-2024"]
[Site "Chess.com"]
[Date "2024.02.06"]
[Round "5"]
[White "Binary010"]
[Black "TimGrutter03"]
[Result "0-1"]
[WhiteElo "2820"]
[BlackElo "2606"]
[TimeControl "180+1"]
[EndTime "14:55:31 PST"]
[Termination "TimGrutter03 won by resignation"]

1. b3 Nf6 2. Bb2 e6 3. g3 Be7 4. Bg2 O-O 5. Nf3 b5 6. a4 b4 7.
O-O Bb7 8. d3 d6 9. e4 e5 10.
Nbd2 Re8 11. Nc4 c5 12. a5 Ba6 13. Nfd2 Nc6 14. f4 Bf8 15. Kh1 Nd4 16. fxe5 dxe5 17.
Ne3 Bb7 18. a6 Bc6 19. Ndc4 Nd7 20. Nd5 Nb6 21. Nce3 Bxd5 22. Nxd5 Nxd5 23. exd5 Bd6 24. Rf2 g6 25. Qd2 f5 26. Raf1 Qc8 27. h4 Qxa6 28. h5 Qb7 29. g4 f4 30. hxg6 hxg6 31. Be4 Kg7 32. Rh2 Rh8 33. Rf2 Qd7 34. Bxd4 cxd4 35.
Qe2 a5 36. Kg1 a4 37. Rxh8 Rxh8 38. bxa4 Qxa4 39. Rh2 Qa1+ 40. Kg2 Rc8 41. g5 Qc1 42. Kf3 Qg1 43. Qf2 Qxg5 44. Ke2 Rxc2+ 0-1

[Event "Late-Titled-Tuesday-Blitz-February-06-2024"]
[Site "Chess.com"]
[Date "2024.02.06"]
[Round "5"]
[White "masnyszachistaaa"]
[Black "Balla_Tamas"]
[Result "1-0"]
[WhiteElo "2545"]
[BlackElo "2412"]
[TimeControl "180+1"]
[EndTime "14:55:31 PST"]
[Termination "masnyszachistaaa won on time"]

1. Nf3 c5 2. g3 Nc6 3. d4 cxd4 4. Nxd4 g6 5. c4 Bg7 6. Nc2 Nf6 7. Bg2 O-O 8. Nc3 d6 9. O-O a5 10. b3 Be6 11. Bb2 Qd7 12. Na4 Rad8 13. Rc1 Bh3 14.
Nb6 Qe6 15. Bd5 Qf5 16. Re1 Qh5 17. Bf3 Bg4 18. Bg2 Bh3 19. Bh1 Bf5 20. Bxf6 Bxf6 21.
Nd5 Bg7 22. Nf4 Qg5 23. h4 Qf6 24. Nd5 Qe6 25. e4 Bh3 26. Nf4 Qd7 27. Ne3 Rfe8 28.
g4 Bxg4 29. Qxg4 e6 30. Ne2 Ne5 31. Qg3 Nd3 32. Red1 Nxc1 33. Nxc1 a4 34. b4 f5 35. exf5 exf5 36. Nd5 Be5 37. f4 Bg7 38. Nd3 Kh8 39.
Bf3 Qc6 40. Nf6 Qb6+ 41. c5 dxc5 42. Nxe8 c4+ 43. Qf2 1-0

[Event "Late-Titled-Tuesday-Blitz-February-06-2024"]
[Site "Chess.com"]
[Date "2024.02.06"]
[Round "5"]
[White "Dinamo3"]
[Black "Quattroporte300"]
[Result "0-1"]
[WhiteElo "2508"]
[BlackElo "2392"]
[TimeControl "180+1"]
[EndTime "14:55:33 PST"]
[Termination "Quattroporte300 won on time"]

1. c4 c6 2. Nc3 d5 3. e3 e5 4. Nf3 e4 5. Nd4 Nf6 6. cxd5 cxd5 7. d3 Bc5 8. dxe4 dxe4 9. Bb5+ Bd7 10.
O-O O-O 11. a3 Qe7 12. Nb3 Bg4 13. Be2 Rd8 14. Bd2 Bxe2 15. Qxe2 Bd6 16. Nb5 Be5 17.
Bc3 Nc6 18. Rfd1 a6 19. Bxe5 Nxe5 20. Nc3 Rd3 21. Nd4 Rd8 22. h3 g6 23. Rd2 Kg7 24.
Rad1 Rxd2 25. Rxd2 h5 26. Qd1 Rc8 27. Qb1 Nc4 28.
Rd1 b5 29. Nde2 Qe5 30. Nf4 Nxa3 31. Qa2 b4 32. Ncd5 Rc2 33. Nxf6 Qxf6 34. Qd5 Rxb2 35. Qxe4 Nb5 36. Rd7 Ra2 37. f3 Ra1+ 38. Kh2 Ra2 39.
Nd5 Qf5 40. Qe8 Qg5 0-1